 Dungeon Crawl Stone Soup version 0.26.1-11-gd32895ea62 (webtiles) character file.

Game seed: 1842828379595704380

47 Descartes the Grasshopper (level 3, -1/28 HPs)
             Began as a Barachi Warper on June 22, 2021.
             Slain by a ball python (2 damage)
             ... on level 1 of the Dungeon.
             The game lasted 00:03:13 (1566 turns).

Descartes the Grasshopper (Barachi Warper)          Turns: 1566, Time: 00:03:14

Health: -1/28      AC:  6    Str: 12    XL:     3   Next: 70%
Magic:  6/6        EV:  6    Int: 14    God:
Gold:   59         SH:  0    Dex: 11    Spells: 6/6 levels left

rFire    + . .     SeeInvis .   g - +0 hunting sling (curse)
rCold    x . .     Faith    .   (no shield)
rNeg     . . .     Spirit   .   j - +0 scale mail
rPois    +         Reflect  .   (no helmet)
rElec    .         Harm     .   (no cloak)
rCorr    .         Rampage  .   (no gloves)
Will     .....                  (no boots)
Stlth    ..........             (no amulet)
HPRegen  0.09/turn              c - ring of fire
MPRegen  0.10/turn              n - ring of poison resistance

@: constricted, slow
A: +LOS, swims, slowness 1, strong legs 1
a: Hop


You were on level 1 of the Dungeon.
You visited 1 branch of the dungeon, and saw 2 of its levels.

You collected 59 gold pieces.

Inventory:

Hand Weapons
 a - a +0 falchion
 g - a cursed +0 hunting sling (weapon)
Missiles
 e - 5 boomerangs of dispersal (quivered)
 k - 49 sling bullets (quivered ammo)
 l - 15 stones
Armour
 b - a +0 leather armour
 j - a +0 scale mail (worn)
Jewellery
 c - a ring of fire (left hand)
 n - a ring of poison resistance (right hand)
Scrolls
 d - a scroll of blinking
 h - a scroll of fog
 o - a scroll of enchant armour {unknown}
 p - 2 scrolls of amnesia {unknown}
 q - 2 scrolls of enchant weapon
Potions
 f - a potion of curing {unknown}
 i - a potion of invisibility {unknown}
 m - 2 potions of heal wounds


   Skills:
 - Level 2.4 Fighting
 - Level 2.4 Long Blades
 - Level 1.0 Throwing
 - Level 1.2 Armour
 - Level 2.1 Dodging
 - Level 2.1 Spellcasting
 * Level 5.0 Translocations


You had 6 spell levels left.
You didn't know any spells.
Your spell library contained the following spells:

 Spells                   Type           Power        Failure   Level
 Blink                    Tloc           N/A          24%         2
 Gell's Gravitas          Tloc           7%           43%         3
 Lesser Beckoning         Tloc           7%           43%         3
 Teleport Other           Tloc           15%          43%         3
 Passage of Golubria      Tloc           N/A          83%         4


Dungeon Overview and Level Annotations

Branches:
Dungeon (2/15)

Altars:
Makhleb

Annotations:
D:2 Sigmund


Innate Abilities, Weirdness & Mutations

You can be seen from farther away. (+LOS)
You can swim through water.
You cover ground slowly.
You can hop short distances.


Message History

The ball python bites you but does no damage.
The ball python constricts you.
The ball python bites you but does no damage.
The ball python constricts you.
You clumsily bash the ball python but do no damage.
The ball python bites you.
* * * LOW HITPOINT WARNING * * *
The ball python constricts you.
The ball python bites you but does no damage.
The ball python constricts you.
You clumsily bash the ball python but do no damage.
The ball python bites you.
* * * LOW HITPOINT WARNING * * *
The ball python constricts you. The ball python bites you.
* * * LOW HITPOINT WARNING * * *
The ball python constricts you.
You clumsily bash the ball python but do no damage.
The ball python barely misses you. The ball python constricts you.
The ball python bites you.
You die...

.# #.........+......#
.##########.######......#
............### #......##
...###..##....# #.......#
##'####+##....####.......#
........##....##..)#####.#
##<#######.....+.).# #.# ####
#.......#.S.# #.# ..#
#.#......@..#####.# #.#
###.#......##......)# #.#
#..........##.########## #.#
#......................#####
#.####.........###.#######......#
#..........##### #.........####.#
#..........#### #########.# #.#
#.............# #.# #.#
#.........###.# #.# #.#


You could see a ball python.

Vanquished Creatures
  An adder (D:2)
  5 dart slugs
  3 leopard geckos
  3 bats
  3 giant cockroaches (D:1)
  2 goblins
  2 hobgoblins (D:1)
  3 kobolds
  A frilled lizard (D:1)
  A rat (D:2)
24 creatures vanquished.

Notes
Turn   | Place    | Note
-------+----------+-------------------------------------------
     0 | D:1      | Descartes the Barachi Warper began the quest for the Orb.
     0 | D:1      | Reached XP level 1. HP: 17/17 MP: 3/3
   106 | D:1      | Reached XP level 2. HP: 18/23 MP: 5/5
   109 | D:1      | Reached skill level 4 in Translocations
   748 | D:1      | Reached XP level 3. HP: 28/28 MP: 6/6
  1250 | D:2      | Reached skill level 5 in Translocations
  1519 | D:2      | Found a burning altar of Makhleb.
  1519 | D:2      | Noticed Sigmund
  1565 | D:1      | HP: 1/28 [ball python (2)]
  1566 | D:1      | Slain by a ball python

Illustrated notes

Levels and vault maps discovered:
D:1:      minmay_arrival_three_doors, layout_basic
D:2:      wad_lake_hut, layout_loops_cross, old_standard_altar,
          marbit_many_paths, uniq_robin, uniq_sigmund

Skill      XL: |  1  2  3 |
---------------+----------+-----
Translocations | 4 5 |  5.0
Fighting       | |  2.4
Long Blades    | |  2.4
Throwing       | |  1.0
Armour         | |  1.2
Dodging        | |  2.1
Spellcasting   | |  2.1

Action                   || total
-------------------------++-------
Melee: Falchion          ||    25
       Hunting sling     ||     9
 Fire: Hunting sling     ||    62
  Use: Scroll            ||     3
Armor: Leather armour    ||     5
       Scale mail        ||    35
Dodge: Dodged            ||    45
       Rpst.: Falchion   ||     6
